 Dungeon Crawl Stone Soup version 0.21-a0-221-gfe971b9 (webtiles) character file.

226 dududu the Sneak (level 6, 25/36 HPs)
             Began as an Octopode Earth Elementalist on Aug 3, 2017.
             Quit the game in the Ecumenical Temple on Aug 24, 2017.
             The game lasted 00:22:22 (3482 turns).

dududu the Sneak (Octopode Earth Elementalist)      Turns: 3482, Time: 00:22:23

Health: 25/36      AC:  1    Str:  7    XL:     6   Next: 1%
Magic:  9/9        EV: 13    Int: 19    God:
Gold:   158        SH:  0    Dex: 13    Spells: 5/9 levels left

rFire    . . .     SeeInvis .   (no weapon)
rCold    . . .     Gourm    .   (no shield)
rNeg     . . .     Faith    .   (helmet restricted)
rPois    .         Spirit   .   s - amulet of magic regeneration
rElec    .         Reflect  .   (no ring)
rCorr    .         Harm     .   (no ring)
MR       .....                  (no ring)
Stlth    ++++......             (no ring)
HPRegen  0.12/turn              (no ring)
MPRegen  0.36/turn              (no ring)
                                (no ring)
                                (no ring)

@: no status effects
A: almost no armour, stealthy swim, amphibious, 8 rings, constrict 8, camouflage
1, gelatinous body 1
a: no special abilities


You were in the Ecumenical Temple.
You were not hungry.

You visited 2 branches of the dungeon, and saw 5 of its levels.

You collected 158 gold pieces.

Inventory:

Hand Weapons
 e - a +0 club
 m - a +0 falchion
 v - a +0 spear
Missiles
 b - 27 stones (quivered)
 f - 22 sling bullets
 g - 51 arrows
 k - 27 poisoned needles
Jewellery
 s - an amulet of magic regeneration (around mantle)
Scrolls
 a - 5 scrolls of remove curse {unknown}
 i - 2 scrolls of identify {unknown}
 j - 2 scrolls of amnesia {unknown}
 l - a scroll of fear {unknown}
 n - 3 scrolls of teleportation {unknown}
 q - a scroll of recharging {unknown}
Potions
 o - a potion of mutation {unknown}
 p - a potion of degeneration {unknown}
 r - a potion of brilliance {unknown}
Books
 d - a book of Geomancy

   Spells                             Type                      Level
   a - Sandblast                      Earth                        1
   b - Passwall                       Transmutation/Earth          2
   c - Stone Arrow                    Conjuration/Earth            3
   d - Petrify                        Transmutation/Earth          4
   e - Lee's Rapid Deconstruction     Earth                        5
Comestibles
 c - 2 bread rations
 h - 2 meat rations
 t - 3 chunks of flesh
 u - a royal jelly
 w - 2 fruits


   Skills:
 - Level 2.3 Dodging
 + Level 5.2 Stealth
 - Level 2.3 Spellcasting
 + Level 2.8 Conjurations
   Level 1.0 Transmutations
 + Level 4.2 Earth Magic


You had 5 spell levels left.
You knew the following spells:

 Your Spells              Type           Power        Failure   Level  Hunger
a - Sandblast             Erth           ###...       2%          1    #......
b - Stone Arrow           Conj/Erth      ###...       12%         3    ###....


Dungeon Overview and Level Annotations

Branches:
Dungeon (4/15)             Temple (1/1) D:4

Altars:
Ashenzari
Cheibriados
Qazlal
Ru
Sif Muna
Trog
Vehumet
Wu Jian
Yredelemnul
Zin


Innate Abilities, Weirdness & Mutations

You cannot wear most types of armour.
You are very stealthy in the water. (Stealth+)
You are amphibious.
You can wear up to eight rings at the same time.
You can use your tentacles to constrict eight enemies at once.
Your skin changes colour to match your surroundings (Stealth+).
Your rubbery body absorbs attacks. (AC +1, EV +1)


Message History

You climb downwards.
Welcome to the Ecumenical Temple!
Found an ornate altar of the Wu Jian Council.
There is a staircase back to the Dungeon here.
Found a snail-covered altar of Cheibriados and a sacrificial altar of Ru.
Found a glowing silver altar of Zin.
Found a stormy altar of Qazlal and a shattered altar of Ashenzari.
Found a bloodstained altar of Trog.
Magic restored.
There is a fountain of clear blue water here.
There is a bloodstained altar of Trog here.
Found a basalt altar of Yredelemnul.
Found a deep blue altar of Sif Muna.
Found a radiant altar of Vehumet.
Done exploring.
Search for what [? for help]? altar Unknown command.
Saving game... please wait.
Welcome back, dududu the Octopode Earth Elementalist.
Press ? for a list of commands and other information.
Are you sure you want to abandon this character and quit the game? (Confirm with "yes".)

##### #...#
#####...#####
#...#...#...#
#####._......._.#
#...#...#####...#
#####.⌠....##...##...
#...#...#####._.#####
#._.@..##...........#
#...#...#.⌠.#####.⌠.#
#####._.....#...#....
#...##.##._.##.##
#####...#...#...#
#._......._.#
#...##.##...#
##.##...##.##
#....<....#


There were no monsters in sight!

Vanquished Creatures
  A scorpion (D:3)
  A bullfrog skeleton (D:4)
  3 gnolls (D:3)
  4 adders
  An ooze (D:1)
  A worm (D:2)
  6 dart slugs
  2 leopard geckos
  6 orcs
  4 giant cockroaches
  7 goblins
  8 hobgoblins
  7 kobolds
  A quokka (D:3)
  6 bats
  3 rats
61 creatures vanquished.

Vanquished Creatures (others)
  The ghost of bohran the Sneak, a weakling SpAs (D:3)
  A goblin (D:3)
  3 jackals (D:3)
  A rat (D:3)
6 creatures vanquished.

Grand Total: 67 creatures vanquished

Notes
Turn   | Place    | Note
-------+----------+-------------------------------------------
     0 | D:1      | dududu the Octopode Earth Elementalist began the quest for the Orb.
     0 | D:1      | Reached XP level 1. HP: 11/11 MP: 3/3
    87 | D:1      | Reached skill level 3 in Stealth
    96 | D:1      | Reached XP level 2. HP: 17/17 MP: 0/5
   761 | D:1      | Reached XP level 3. HP: 18/21 MP: 3/6
   766 | D:1      | Learned a level 3 spell: Stone Arrow
  1753 | D:2      | Reached skill level 1 in Conjurations
  1753 | D:2      | Reached XP level 4. HP: 21/27 MP: 3/7
  2039 | D:3      | Killed bohran's ghost
  2149 | D:3      | Reached skill level 4 in Stealth
  2231 | D:3      | Reached XP level 5. HP: 20/31 MP: 2/8
  3289 | D:2      | Reached skill level 5 in Stealth
  3431 | D:4      | Found a staircase to the Ecumenical Temple.
  3437 | D:4      | Reached XP level 6. HP: 20/36 MP: 2/9
  3443 | Temple   | Entered the Ecumenical Temple
  3482 | Temple   | Upgraded the game from 0.21-a0-155-gb8a8bae to 0.21-a0-221-gfe971b9
  3482 | Temple   | Quit the game

Vault maps used:
D:1:      tarquinn_simple_flora_water_f, st_stairs_13, chequers_big_river
D:2:      grunt_decor_resistance
D:3:      first_bread, lemuel_old_faithful
D:4:      elyvilon_altar_4, temple_green, serial_co_window_serial,
          co_window_corner_a, co_window_corner_a, co_window_paths_b,
          co_window_corner_a, co_window_paths_b, co_window_corner_a,
          co_window_paths_a, co_window_corner_a, co_window_corner_a,
          co_window_of_opportunity_b, co_window_paths_c, co_window_2corner,
          co_window_broadway_b, co_window_unsneaky_path_b, glass_columns_a,
          glass_columns_b, glass_columns_c, glass_columns_a, uniq_menkaure
Temple:   eino_wide_crystal_templ

Skill      XL: |  1  2  3  4  5 |
---------------+----------------+-----
Stealth        | 3 4 5 |  5.2
Conjurations   | 1 2 |  2.8
Earth Magic    | 4 |  4.2
Dodging        | |  2.3
Spellcasting   | |  2.3
Transmutations | |  1.0

Action                   |  1- 3 |  4- 6 || total
-------------------------+-------+-------++-------
Melee: Unarmed           |    40 |    35 ||    75
       Constrict         |    11 |    10 ||    21
       Tentacles         |     5 |     5 ||    10
 Cast: Sandblast         |    34 |    36 ||    70
       Stone Arrow       |       |    14 ||    14
 Stab: Sleeping          |     6 |     4 ||    10
  Eat: Chunk             |     3 |     7 ||    10
Armor: Skin              |     8 |     5 ||    13
Dodge: Dodged            |    23 |    25 ||    48

Table legend:
 A = Spawn XP
 B = Non-spawn XP
 C = Spawn XP percentage of total XP
 D = Spawn monster count
 E = Non-spawn monster count
 F = Spawn count percentage of total count
 G = Total turns spent on level
                    A         B        C        D         E        F      G
               +---------+---------+-------+---------+---------+-------+---------
         Total |       0 |       0 |   N/A |       0 |       0 |   N/A |     0
               +---------+---------+-------+---------+---------+-------+---------
               +---------+---------+-------+---------+---------+-------+---------
